 Dungeon Sprint DCSS version 0.27.1 (webtiles) character file.

Game seed: 17701598764953631645

200 styxcanada the Covert (level 5, -5/28 HPs)
             Began as a Spriggan Brigand on Sept 3, 2021.
             Was an Initiate of Gozag.
             Slain by a spriggan (16 damage)
             ... in the Dungeon (Sprint IV: "Fedhas' Mad Dash").
             The game lasted 00:02:05 (197 turns).

styxcanada the Covert (Spriggan Brigand)             Turns: 197, Time: 00:02:06

Health: -5/28      AC:  3    Str:  7    XL:     5   Next: 48%
Magic:  6/6        EV: 19    Int: 13    God:    Gozag
Gold:   125        SH:  0    Dex: 17    Spells: 4/4 levels left

rFire    . . .     SeeInvis +   a - +2 dagger
rCold    . . .     Faith    .   (shield restricted)
rNeg     . . .     Spirit   .   b - +0 robe
rPois    .         Reflect  .   (helmet restricted)
rElec    .         Harm     .   c - +0 cloak
rCorr    .         Rampage  .   (gloves unavailable)
Will     +....     NoTele   +   (boots unavailable)
Stlth    ++++++....             l - amulet of invisibility {+Inv}
HPRegen  0.09/turn              m - ring of willpower
MPRegen  0.10/turn              (no ring)

@: gold aura, very slightly contaminated, very quick
A: very small, no large weapons, unfitting armour, see invisible, speed 3
a: Renounce Religion, Evoke Invisibility, Potion Petition, Call Merchant, Bribe
Branch


You were in the Dungeon.
You worshipped Gozag.
Gozag was aware of your devotion.
You visited 1 branch You collected 125 gold pieces.

Inventory:

Hand Weapons
 a - a +2 dagger (weapon)
Missiles
 e - 2 curare-tipped darts (quivered)
Armour
 b - a +0 robe (worn)
 c - a +0 cloak (worn)
Jewellery
 l - the amulet of invisibility (around neck) {+Inv}
   (You found it in the Dungeon)

   [amulet of nothing]

   +Inv:      It lets you turn invisible.
 m - a ring of willpower (left hand)
Scrolls
 k - a scroll of blinking
Potions
 f - a potion of curing
 g - a potion of heal wounds
 h - a potion of haste
 i - 2 potions of magic
 j - a potion of berserk rage


   Skills:
 * Level 3.6 Fighting
 + Level 3.3 Short Blades
 + Level 3.5 Throwing
 * Level 5.2 Dodging
 * Level 14.4 Stealth
 + Level 1.0 Evocations


You had 4 spell levels left.
You didn't know any spells.
Your spell library was empty.

Dungeon Overview and Level Annotations

Branches:
Dungeon (1/1)

Altars:
Cheibriados
Dithmenos
Elyvilon
Gozag
Hepliaklqana
Kikubaaqudgha
Makhleb
Nemelex Xobeh
Okawaru
Qazlal
Ru
Sif Muna
Trog
Uskayaw
Vehumet
Wu Jian
Xom
Yredelemnul
Zin
The Shining One
Beogh
Jiyva
Lugonu

Shops:
D [


Innate Abilities, Weirdness & Mutations

You are very small and have problems with some larger weapons.
You are too small for most types of armour.
You have supernaturally acute eyesight. (SInv)
You cover ground extremely quickly. (Speed+++)


Message History

The spriggan looks even sicker.
The spriggan is moderately wounded.
The spriggan closely misses you.
There is an opulent altar of Gozag here.
There is an open door here.
Throw: 4 darts (poison)
Press: ? - help, Q - select action, (/) - cycle Shift-Dir - straight line, f/p - spriggan
Aim: a spriggan, wielding a +0 dagger and wearing a +0 robe (heavily wounded, very poisoned, 34% to hit)
You throw a poisoned dart.
The poisoned dart closely misses the spriggan.
The poisoned dart misses the spriggan.
The spriggan hits you with a +0 dagger!
Ouch! That really hurt!
You see here a +0 dagger.
Throw: 3 darts (poison)
Press: ? - help, Q - select action, (/) - cycle Shift-Dir - straight line, f/p - spriggan
Aim: a spriggan, wielding a +0 dagger and wearing a +0 robe (heavily wounded, very poisoned, 34% to hit)
You throw a poisoned dart.
The poisoned dart barely misses the spriggan.
The poisoned dart closely misses the spriggan.
The spriggan barely misses you.
Throw: 2 darts (poison)
Press: ? - help, Q - select action, (/) - cycle Shift-Dir - straight line, f/p - spriggan
Aim: a spriggan, wielding a +0 dagger and wearing a +0 robe (heavily wounded, very poisoned, 34% to hit)
You throw a poisoned dart. The poisoned dart hits the spriggan.
The spriggan is poisoned.
The spriggan barely misses you. The spriggan hits you with a +0 dagger.
There is an open door here.
You kill the spriggan!
Your Evocations skill increases to level 1!
There is an open door here.
Throw: dart (poison)
Press: ? - help, Q - select action, (/) - cycle Shift-Dir - straight line, f - spriggan
Aim: a spriggan, wielding a +0 dagger and wearing a +0 robe (moderately wounded, poisoned, 34% to hit)
You throw a poisoned dart.
The poisoned dart closely misses the spriggan.
The spriggan hits you with a +0 dagger!
Ouch! That really hurt!
You die...
Your body crumbles into a pile of gold.

#####################
#<†..#.....#..(..#.⌠.
#PP.@i...$.(.#)..'.._
#PPPP#.....#.#...#...
###############+##.._
#._. $ $#### $


$$$$ You could see a spriggan (poisoned).

Vanquished Creatures
  A scorpion (D)
  3 oklob saplings (D)
  A spriggan (D)
  A river rat (D)
  A rat (D)
7 creatures vanquished.

Vanquished Creatures (others)
  A fungus (D)
1 creature vanquished.

Grand Total: 8 creatures vanquished

Notes
Turn   | Place    | Note
-------+----------+-------------------------------------------
     0 | D        | styxcanada the Spriggan Brigand began the quest for the
                  | Orb.
     0 | D        | Reached XP level 1. HP: 10/10 MP: 2/2
    18 | D        | Reached skill level 6 in Stealth
    26 | D        | Reached skill level 8 in Stealth
    26 | D        | Reached XP level 2. HP: 12/15 MP: 3/3
    44 | D        | Noticed an oklob sapling
    46 | D        | Killed an oklob sapling
    47 | D        | Reached skill level 9 in Stealth
    47 | D        | Reached XP level 3. HP: 16/18 MP: 4/4
    48 | D        | Noticed a scorpion
    48 | D        | Found the amulet of invisibility {+Inv}
    50 | D        | Killed a scorpion
    51 | D        | Reached skill level 12 in Stealth
    51 | D        | Reached XP level 4. HP: 21/23 MP: 5/5
    88 | D        | Found an opulent altar of Gozag.
    88 | D        | Found a hazy altar of Hepliaklqana.
    88 | D        | Found a burning altar of Makhleb.
    88 | D        | Found a sparkling altar of Nemelex Xobeh.
    88 | D        | Found a snail-covered altar of Cheibriados.
    88 | D        | Found a sacrificial altar of Ru.
    88 | D        | Found a shimmering blue altar of Sif Muna.
    88 | D        | Found a shimmering altar of Xom.
    88 | D        | Found a basalt altar of Yredelemnul.
    89 | D        | Found a viscous altar of Jiyva.
    89 | D        | Found a bloodstained altar of Trog.
    89 | D        | Found an ornate altar of the Wu Jian Council.
    90 | D        | Found an iron altar of Okawaru.
    90 | D        | Found a shadowy altar of Dithmenos.
    90 | D        | Found a glowing silver altar of Zin.
    91 | D        | Found an ancient bone altar of Kikubaaqudgha.
    91 | D        | Found a hide-covered altar of Uskayaw.
    92 | D        | Found a stormy altar of Qazlal.
    92 | D        | Found a white marble altar of Elyvilon.
    92 | D        | Found a glowing golden altar of the Shining One.
    93 | D        | Became a worshipper of Gozag Ym Sagoz the Greedy
    94 | D        | Found a corrupted altar of Lugonu.
    94 | D        | Found a radiant altar of Vehumet.
    98 | D        | Reached skill level 13 in Stealth
    98 | D        | Reached XP level 5. HP: 28/28 MP: 3/6
   150 | D        | Reached skill level 5 in Dodging
   150 | D        | Reached skill level 14 in Stealth
   154 | D        | Found Wedwinik's Armour Shop.
   196 | D        | Reached skill level 1 in Evocations
   197 | D        | Slain by a spriggan

Illustrated notes

Levels and vault maps discovered:
D:        dungeon_sprint_fedhas [sprint_temple]

Skill      XL: |  1  2  3  4  5 |
---------------+----------------+-----
Stealth        | 8 9 12 13 14 | 14.4
Dodging        | 2 3 4 5 |  5.2
Fighting       | 2 3 |  3.6
Short Blades   | 3 |  3.3
Throwing       | 3 |  3.5
Evocations     | 1 |  1.0

Action                   |  1- 3 |  4- 6 || total
-------------------------+-------+-------++-------
Melee: Dagger            |    10 |     7 ||    17
Throw: Dart              |     7 |     7 ||    14
 Abil: Evoke Invisibilit |       |     2 ||     2
 Stab: Sleeping          |     2 |     2 ||     4
Dodge: Dodged            |     4 |    12 ||    16
